 Dungeon Crawl Stone Soup version 0.29-a0-214-g17f627cfee (webtiles) character file.

Game seed: 9569973399629841401

39 sammy202020 the Skirmisher (level 3, -18/29 HPs)
             Began as a Demonspawn Berserker on Feb 25, 2022.
             Was a Follower of Trog.
             Demolished by a gnoll
             ... wielding a +3 whip of electrocution
              (19 damage)
             ... on level 2 of the Dungeon.
             The game lasted 00:02:52 (1326 turns).

sammy202020 the Skirmisher (Demonspawn Berserker)   Turns: 1326, Time: 00:02:53

Health: -18/29     AC:  9    Str: 19    XL:     3   Next: 28%
Magic:  3/3        EV:  8    Int:  8    God:    Trog [*.....]
Gold:   108        SH:  0    Dex: 12    Spells: 2/2 levels left

rFire   . . .      SeeInvis .   a - +0 hand axe
rCold   . . .      Faith    .   (no shield)
rNeg    . . .      Spirit   .   d - +0 chain mail
rPois   .          Reflect  .   (no helmet)
rElec   .          Harm     .   (no cloak)
rCorr   .          Rampage  .   (no gloves)
Will    .....                   (no boots)
Stlth   ..........              (no amulet)
HPRegen 0.09/turn               (no ring)
MPRegen 0.16/turn               (no ring)

@: no status effects
A: magic regeneration, sharp scales 1
a: Renounce Religion, Berserk


You were on level 2 of the Dungeon.
You worshipped Trog.
Trog was aware of your devotion.
You visited 1 branch of the dungeon, and saw 2 of its levels.

You collected 108 gold pieces.

Inventory:

Hand Weapons
 a - a +0 hand axe (weapon)
Armour
 d - a +0 chain mail (worn)
Scrolls
 c - a scroll of acquirement {unknown}
 e - 2 scrolls of identify {unknown}
Potions
 b - a potion of mutation {unknown}
 f - a potion of invisibility {unknown}


   Skills:
 + Level 3.3 Fighting
 + Level 3.1 Axes
 + Level 2.2 Armour
 + Level 2.2 Dodging


You had 2 spell levels left.
You didn't know any spells.
Your spell library was empty.

Dungeon Overview and Level Annotations

Branches:
Dungeon (2/15)

Altars:
Xom


Innate Abilities, Weirdness & Mutations

You regenerate magic rapidly.
You are partially covered in razor-sharp scales. (AC +1, Slay +1)


Message History

No target in view!
No target in view!
You see here a +3 leather armour.
You see here a +3 leather armour.
g - a +3 leather armour You drop a +3 leather armour.
A gnoll comes into view. It is wielding a +0 spear.
Found 10 gold pieces.
The gnoll shouts!
The gnoll moves out of view.
The gnoll barely misses you.
You see here a scroll labelled BYGOOR RIERHI.
A gnoll comes into view. It is wielding a +0 halberd.
The gnoll shouts!
The gnoll hits you with a +0 spear.
You see here a scroll labelled BYGOOR RIERHI.
A gnoll comes into view.
It is wielding a +3 whip of electrocution.
The gnoll hits you but does no damage. The gnoll hits you with a +0 halberd.
You hit the gnoll.
The gnoll is moderately wounded.
You barely miss the gnoll. The gnoll hits you but does no damage.
You hit the gnoll.
The gnoll is moderately wounded.
You hit the gnoll but do no damage. The gnoll hits you with a +0 spear.
The gnoll barely misses you. x2
You hit the gnoll.
The gnoll is heavily wounded.
You hit the gnoll. The gnoll closely misses you.
The gnoll hits you from afar with a +0 halberd.
The gnoll hits you but does no damage.
You closely miss the gnoll.
The gnoll is heavily wounded.
You hit the gnoll but do no damage. The gnoll hits you with a +0 spear.
The gnoll hits you from afar with a +0 halberd!
* * * LOW HITPOINT WARNING * * *
The gnoll hits you with a +3 whip of electrocution.
* * * LOW HITPOINT WARNING * * *
You are electrocuted!!
Ouch! That really hurt!
You die...

#... ......... .#
##...#.#.......###..#
..$.#...........#..#
...............#..#
....#.#.#.....#..# .g.
.<. .......# #g#
#.####.....#
#@####.##.......#
#.g....|..##.#..#
#....[.##.##..#.##
#...........##.##.###..
....###.....##.#.## #.
.## #.........## ##
##########.## ##.
##.###.. ##.#.##


You could see 3 gnolls.

Vanquished Creatures
  An adder (D:2)
  A worm (D:2)
  A bat (D:2)
  An endoplasm (D:1)
  2 giant cockroaches
  4 goblins (D:1)
  7 hobgoblins
  2 kobolds (D:1)
  2 frilled lizards
  4 rats
25 creatures vanquished.

Notes
Turn   | Place    | Note
-------+----------+-------------------------------------------
     0 | D:1      | sammy202020 the Demonspawn Berserker began the quest for
                  | the Orb.
     0 | D:1      | Reached XP level 1. HP: 18/18 MP: 1/1
   302 | D:1      | Gained mutation: You regenerate magic rapidly. [demonic
                  | ancestry]
   302 | D:1      | Reached XP level 2. HP: 24/24 MP: 2/2
   887 | D:2      | Found a shimmering altar of Xom.
  1068 | D:2      | Found a faded altar of an unknown god.
  1108 | D:2      | Gained mutation: You are partially covered in razor-sharp
                  | scales. (AC +1, Slay +1) [demonic ancestry]
  1108 | D:2      | Reached XP level 3. HP: 25/29 MP: 3/3
  1326 | D:2      | HP: 1/29 [gnoll/+3 whip of electrocution (5)]
  1326 | D:2      | Demolished by a gnoll

Illustrated notes

Levels and vault maps discovered:
D:1:      sevenhm_arrival_forest_fort_small_4, layout_basic
D:2:      layout_loops_cross, shapermc_ecumenical_altar_starsandcircs,
          basic_altar, uniq_terence

Skill      XL: |  1  2 |
---------------+-------+-----
Dodging        | 2 |  2.2
Armour         | 2 |  2.2
Axes           | 3 |  3.1
Fighting       | |  3.3

Action                   || total
-------------------------++-------
Melee: Hand axe          ||    90
Armor: Chain mail        ||    44
Dodge: Dodged            ||    45

Table legend: (Time is in decaauts)
 A = Elapsed time spent in this place.
 B = Non-inter-level travel time spent in this place.
 C = Inter-level travel time spent in this place.
 D = Time resting spent in this place.
 E = Time spent auto-exploring this place.
 F = Levels seen in this place.
 G = Mean time per level.
                   A        B        C        D        E       F      G
               +--------+--------+--------+--------+--------+-----+--------+
         Total |   1348 |   1316 |     32 |      0 |   1081 |   2 |  674.0 |
       Dungeon |   1348 |   1316 |     32 |      0 |   1081 |   2 |  674.0 |
               +--------+--------+--------+--------+--------+-----+--------+

Top non-repeatable levels by time:
     D:1: 903 daAuts
     D:2: 445 daAuts
